 Dungeon Crawl Stone Soup version 0.28.0-45-g0d030f2227 (webtiles) character file.

Game seed: 2959518750626841174

32 101zpm the Magician (level 3, -4/25 HPs)
             Began as a Djinni Ice Elementalist on Apr 11, 2022.
             Slain by Terence
             ... wielding a +1 falchion of electrocution
              (10 damage)
             ... on level 2 of the Dungeon.
             The game lasted 00:02:23 (1580 turns).

101zpm the Magician (Djinni Ice Elementalist)       Turns: 1580, Time: 00:02:23

Health: -4/25      AC:  2    Str:  7    XL:     3   Next: 45%
Gold:   51         EV: 12    Int: 18    God:
                   SH:  0    Dex: 13

rFire   + + .      SeeInvis .   (no weapon)
rCold   x . .      Faith    .   (no shield)
rNeg    . . .      Spirit   .   a - +0 robe
rPois   ∞          Reflect  .   (no helmet)
rElec   .          Harm     .   (no cloak)
rCorr   .          Rampage  .   (no gloves)
Will    .....                   (boots unavailable)
Stlth   ++........              (no amulet)
HPRegen 0.08/turn               (no ring)
MPRegen 0.00/turn               (no ring)

@: flying
A: sickness immunity, fire resistance 2, cold vulnerability 1, float, innate
caster, HP casting, extra vitality 1
a: no special abilities


You were on level 2 of the Dungeon.
You visited 1 branch of the dungeon, and saw 2 of its levels.

You collected 51 gold pieces.

Inventory:

Armour
 a - a +0 robe (worn)
 c - a +0 hat
Scrolls
 b - a scroll of identify {unknown}
Potions
 d - a potion of cancellation {unknown}


   Skills:
 + Level 2.2 Dodging
 + Level 1.6 Stealth
 + Level 4.0 Spellcasting


You couldn't memorise any spells.
You knew the following spells:

 Your Spells              Type           Power      Damage    Failure   Level
a - Freeze                Ice            72%        1d9       2%          1
b - Frozen Ramparts       Ice            36%        1d5       9%          3
c - Ozocubu's Armour      Ice            18%        N/A       9%          3
d - Hailstorm             Conj/Ice       18%        3d6       28%         4
e - Sandblast             Erth           36%        2d10      2%          1
Your spell library was empty.

Dungeon Overview and Level Annotations

Branches:
Dungeon (2/15)

Altars:

Annotations:
D:2 Terence


Innate Abilities, Weirdness & Mutations

You are immune to sickness and miasma.
You are immune to poison.
Your flesh is very heat resistant. (rF++)
You are vulnerable to cold. (rC-)
You float through the air rather than walking.
You learn spells naturally, not from books.
Your magical power is your life essence.
You have superior vitality. (+4 MHP)


Message History

Aim: a ball python You freeze the ball python.
The ball python is heavily wounded.
The ball python bites you but does no damage.
The ball python grabs you. The ball python constricts you.
Aiming: Freeze (safe; 3% risk of failure)
Press: ? - help, Q - select action, (/) - cycle Shift-Dir - straight line, f/p - ball python
Aim: a ball python (heavily wounded, constricting you)
You freeze the ball python!
You kill the ball python!
Aiming: Freeze (safe; 3% risk of failure)
Press: ? - help, Q - select action, (/) - cycle Shift-Dir - straight line, f - adder
Aim: an adder You freeze the adder.
The adder is moderately wounded.
The adder bites you. The adder bites you but does no damage.
Aiming: Freeze (safe; 3% risk of failure)
Press: ? - help, Q - select action, (/) - cycle Shift-Dir - straight line, f/p - adder
Aim: an adder (moderately wounded)
You freeze the adder.
The adder is heavily wounded.
The adder seems to slow down.
Terence hits you with a +1 falchion of electrocution.
Aiming: Freeze (safe; 3% risk of failure)
Press: ? - help, Q - select action, (/) - cycle Shift-Dir - straight line, f/p - adder
Aim: an adder (heavily wounded, slow)
You freeze the adder!
You kill the adder!
Terence says, "Don't bother to defend, it's useless."
Terence hits you with a +1 falchion of electrocution.
* * * LOW HITPOINT WARNING * * *
Your Spellcasting skill increases to level 4!
Aiming: Freeze (safe; 2% risk of failure)
Press: ? - help, Q - select action, (/) - cycle Shift-Dir - straight line, f - Terence
Aim: Terence, wielding a +1 falchion of electrocution and wearing a +0 chain mail You freeze Terence.
Terence is lightly wounded.
* * * LOW HITPOINT WARNING * * *
Terence hits you with a +1 falchion of electrocution!
You die...

#.#....#.# #.#.#
########## #.#.#
#†#.# ####.#.###
#.[......#
#........#
#........#####.#
#..†.....@......
#.......@†......
######.##.....<.
#.# ....... #.#
....... #.#
....... #.#
#####.# #.# # #.


You could see Terence.

Vanquished Creatures
  An adder (D:2)
  A worm (D:2)
  2 ball pythons (D:2)
  An endoplasm (D:2)
  A giant cockroach (D:1)
  4 goblins (D:2)
  2 hobgoblins
  2 quokkas
  A bat (D:1)
  2 frilled lizards (D:1)
  3 rats (D:1)
20 creatures vanquished.

Notes
Turn   | Place    | Note
-------+----------+-------------------------------------------
     0 | D:1      | 101zpm the Djinni Ice Elementalist began the quest for the
                  | Orb.
     0 | D:1      | Reached XP level 1. HP: 15/15 MP: 0/0
   507 | D:1      | Reached XP level 2. HP: 20/21 MP: 0/0
  1558 | D:2      | Reached XP level 3. HP: 23/25 MP: 0/0
  1558 | D:2      | Learned a level 1 spell: Sandblast
  1573 | D:2      | Noticed Terence
  1580 | D:2      | Reached skill level 4 in Spellcasting
  1580 | D:2      | Slain by Terence

Illustrated notes

Levels and vault maps discovered:
D:1:      scummos_arrival_hexagon, layout_basic
D:2:      wad_river_or_something, layout_rooms, uniq_terence, uniq_robin

Skill      XL: |  1  2  3 |
---------------+----------+-----
Spellcasting   | 4 |  4.0
Dodging        | |  2.2
Stealth        | |  1.6

Action                   || total
-------------------------++-------
Melee: Unarmed           ||     1
 Cast: Freeze            ||    36
Armor: Robe              ||     8
Dodge: Dodged            ||    24
